 Dungeon Crawl Stone Soup version 0.31-a0-18-gea43df2a32 (webtiles) character file.

Game seed: 16497793440780860095

264 lunkers the Gusty (level 6, -1/45 HPs)
             Began as a Meteoran Air Elementalist on May 9, 2023.
             Slain by an ogre
             ... wielding a +0 giant club
              (25 damage)
             ... on level 4 of the Dungeon.
             The game lasted 00:05:28 (1398 turns).

lunkers the Gusty (Meteoran Air Elementalist)       Turns: 1398, Time: 00:05:28

Health: -1/45      AC:  2    Str:  9    XL:     6   Next: 72%
Magic:  10/14      EV: 12    Int: 19    God:
Gold:   169        SH:  0    Dex: 15    Spells: 0/14 levels left

rFire   . . .        i - +0 club
rCold   . . .        (no shield)
rNeg    . . .        a - +0 robe
rPois   +            (no helmet)
rElec   .            u - scarf {repulsion}
rCorr   .            (no gloves)
SInv    +            (no boots)
Will    .....        (no amulet)
Stlth   +            m - ring of see invisible
HPRegen 0.27/turn    d - ring of poison resistance
MPRegen 0.14/turn

%: repel missiles
@: glowing
A: sense surroundings 1, otherworldly, glowing, explore regen
a: no special abilities


You were on level 4 of the Dungeon.
You visited 1 branch of the dungeon, and saw 4 of its levels.

You collected 169 gold pieces.

Inventory:

Hand Weapons
 i - a +0 club (weapon)
 r - a +1 mace of protection
Missiles
 o - 6 curare-tipped darts
Armour
 a - a +0 robe (worn)
 u - a scarf of repulsion (worn)
Jewellery
 d - a ring of poison resistance (right hand)
 j - an amulet of faith
 m - a ring of see invisible (left hand)
Scrolls
 g - a scroll of teleportation
 k - 2 scrolls of torment {unknown}
 p - a scroll of magic mapping {unknown}
 q - a scroll of poison {unknown}
 s - a scroll of noise {unknown}
 t - a scroll of immolation {unknown}
 v - a scroll of identify
Potions
 b - 2 potions of magic
 c - a potion of berserk rage
 e - 2 potions of curing
 f - 2 potions of brilliance
 l - a potion of mutation
 n - a potion of cancellation


   Skills:
 - Level 2.4 Dodging
 - Level 1.4 Stealth
 + Level 4.9 Spellcasting
 - Level 1.2 Conjurations
 * Level 7.0 Air Magic


You couldn't memorise any spells.
You knew the following spells:

 Your Spells              Type           Power      Damage    Failure   Level
a - Shock                 Conj/Air       80%        1d8       2%          1
b - Static Discharge      Conj/Air       40%        2-4/arc   3%          2
c - Swiftness             Air            31%        N/A       2%          3
d - Airstrike             Air            15%        2d(3-19)  7%          4
e - Summon Lightning Spi  Summ/Air       17%        N/A       30%         4

Your spell library contained the following spells:

 Spells                   Type           Power      Damage    Failure   Level


Dungeon Overview and Level Annotations

Branches:
Dungeon (4/15) Zot: 991
 Temple: D:4-7

Altars:
Okawaru
Yredelemnul

Annotations:
D:4 2 transporters


Innate Abilities, Weirdness & Mutations

You passively map a small area around you.
You are easily found by Zot.
You glow in the dark.
You regain HP and MP as you explore.


Message History

Casting: Shock (safe; 2% risk of failure)
Confirm with . or Enter, or press ? or * to list all spells.
You miscast Static Discharge.
You are very lightly contaminated with residual magic.
Nothing appears to happen.
The endoplasm freezes you.
You are frozen.
Casting: Static Discharge (safe; 3% risk of failure)
Confirm with . or Enter, or press ? or * to list all spells.
The endoplasm is struck by an arc of lightning.
You kill the endoplasm!
You are struck by an arc of lightning.
Unknown command.
Your magical contamination has completely faded away.
You see here a +0 club.
The shadow imp disappears for a moment.
(D) Dungeon
Where to? (? - help)
Okay, then.
An ogre comes into view. It is wielding a +0 giant club.
The ogre hits you with a +0 giant club!!
* * * LOW HITPOINT WARNING * * *
Casting: Static Discharge (safe; 3% risk of failure)
Confirm with . or Enter, or press ? or * to list all spells.
The ogre is struck by an arc of lightning.
The ogre is lightly wounded.
You are struck by an arc of lightning.
* * * LOW HITPOINT WARNING * * *
The lightning grounds out.
Unknown command.
Casting: Static Discharge (safe; 3% risk of failure)
Confirm with . or Enter, or press ? or * to list all spells.
The ogre is struck by an arc of lightning.
The ogre is moderately wounded.
You are struck by an arc of lightning.
* * * LOW HITPOINT WARNING * * *
The lightning grounds out.
The ogre hits you with a +0 giant club!!
Ouch! That really hurt!
You die...

* #.###.##.##.#.##, * ,
.*###.....†.......# ,, .
#....#.##.......*
.##.......# #... * *
.##.†#.#.[####.#### ,
..#......†........# * **
©....#.##†#.......#
.....#.##.#....O..######
................@.>..$.#*
..#.#.###.#.......####.....
..#.......#.......# * #.#,
..###.#####.......# , , ###
#.# ######.##, #.# #... ,,,
, #.# ####. * * #.# * *


You could see an ogre.

Vanquished Creatures
  A jelly (D:4)
  3 orc priests (D:3)
  An orc wizard (D:3)
  5 adders
  A worm (D:4)
  6 orcs (D:3)
  10 endoplasms
  3 giant cockroaches
  5 goblins
  4 hobgoblins
  3 jackals (D:2)
  8 kobolds
  A quokka (D:2)
  2 ball pythons
  6 bats
  2 frilled lizards (D:2)
  6 rats
67 creatures vanquished.

Notes
Turn   | Place    | Note
-------+----------+-------------------------------------------
     0 | D:1      | lunkers the Meteoran Air Elementalist began the quest for
                  | the Orb.
     0 | D:1      | Reached XP level 1. HP: 14/14 MP: 5/5
   158 | D:1      | Reached XP level 2. HP: 20/20 MP: 3/6
   165 | D:1      | Reached skill level 4 in Air Magic
   333 | D:2      | Learned a level 2 spell: Static Discharge
   364 | D:2      | Reached XP level 3. HP: 26/26 MP: 2/8
   558 | D:2      | Reached XP level 4. HP: 33/33 MP: 8/10
   706 | D:2      | Reached skill level 5 in Air Magic
   803 | D:3      | Learned a level 3 spell: Swiftness
   808 | D:3      | Learned a level 4 spell: Airstrike
   834 | D:3      | Noticed a +0 spear
   834 | D:3      | Noticed a +0 short sword
   834 | D:3      | Noticed a +0 dagger
   836 | D:3      | Noticed a +0 falchion
   836 | D:3      | Noticed a +0 short sword
   845 | D:3      | Reached XP level 5. HP: 38/38 MP: 5/11
   851 | D:3      | Noticed a +0 falchion
   870 | D:3      | Found a basalt altar of Yredelemnul.
   870 | D:3      | Noticed a +0 dagger
   875 | D:3      | Noticed a +0 spear
   905 | D:3      | Reached skill level 6 in Air Magic
   912 | D:3      | Reached XP level 6. HP: 27/45 MP: 5/13
   923 | D:3      | Learned a level 4 spell: Summon Lightning Spire
   974 | D:3      | Found an iron altar of Okawaru.
  1209 | D:4      | Found a transporter.
  1331 | D:4      | Found a transporter.
  1338 | D:4      | Reached skill level 7 in Air Magic
  1390 | D:4      | Noticed an ogre
  1398 | D:4      | Slain by an ogre

Illustrated notes

Levels and vault maps discovered:
D:1:      ncdulo_watergridlock, layout_rooms, serial_shops, shop
D:2:      layout_rooms
D:3:      layout_rooms, yredelemnul_altar_generic, nicolae_uskayaw_en_pointe,
          overflow_temple_1_default, grunt_ministairs_1,
          minmay_misc_feat_enclosed, minmay_misc_feat_columns
D:4:      gammafunk_wand_slinger, layout_loops_cross,
          mainiacjoe_overflow_24_doors

Skill      XL: |  1  2  3  4  5  6 |
---------------+-------------------+-----
Air Magic      | 4 5 6 7 |  7.0
Spellcasting   | 3 4 |  4.9
Dodging        | |  2.4
Stealth        | |  1.4
Conjurations   | |  1.2

Action                     |  1- 3 |  4- 6 || total
---------------------------+-------+-------++-------
  Melee: Unarmed           |     5 |       ||     5
         Club              |    23 |    16 ||    39
         Punch             |       |     1 ||     1
   Cast: Shock             |    48 |    61 ||   109
         Static Discharge  |     2 |    14 ||    16
    Use: Scroll            |       |     8 ||     8
 Armour: Robe              |    11 |     5 ||    16
  Dodge: Dodged            |    37 |    24 ||    61

Table legend: (Time is in decaauts)
 A = Elapsed time spent in this place.
 B = Non-inter-level travel time spent in this place.
 C = Inter-level travel time spent in this place.
 D = Time resting spent in this place.
 E = Time spent auto-exploring this place.
 F = Levels seen in this place.
 G = Mean time per level.
                   A        B        C        D        E       F      G
               +--------+--------+--------+--------+--------+-----+--------+
         Total |   1407 |   1407 |      0 |     35 |    858 |   4 |  351.8 |
       Dungeon |   1407 |   1407 |      0 |     35 |    858 |   4 |  351.8 |
               +--------+--------+--------+--------+--------+-----+--------+

Top non-repeatable levels by time:
     D:3: 469 daAuts
     D:2: 451 daAuts
     D:1: 266 daAuts
     D:4: 220 daAuts
